 Dungeon Crawl Stone Soup version 0.29.1-12-g30fa7ad0bf (webtiles) character file.

Game seed: 3105911567741749744

105 xian the Firebug (level 4, -2/31 HPs)
             Began as a Demonspawn Fire Elementalist on Jan 10, 2023.
             Slain by a hobgoblin (6 damage)
             ... led by Robin
             ... on level 3 of the Dungeon.
             The game lasted 00:05:08 (3470 turns).

xian the Firebug (Demonspawn Fire Elementalist)     Turns: 3470, Time: 00:05:09

Health: -2/31      AC:  3    Str:  8    XL:     4   Next: 53%
Magic:  11/17      EV: 11    Int: 19    God:
Gold:   150        SH:  0    Dex: 13    Spells: 3/9 levels left

rFire   . . .      SeeInvis .   f - +0 dagger
rCold   . . .      Faith    .   (no shield)
rNeg    . . .      Spirit   .   m - +0 leather armour
rPois   .          Reflect  .   (helmet restricted)
rElec   .          Harm     .   (no cloak)
rCorr   .          Rampage  .   (no gloves)
Will    .....                   (no boots)
Stlth   ++........              (no amulet)
HPRegen 0.10/turn               n - ring of magical power
MPRegen 0.30/turn               (no ring)

@: very slightly contaminated
A: antennae 1, magic regeneration
a: no special abilities


You were on level 3 of the Dungeon.
You visited 1 branch of the dungeon, and saw 3 of its levels.

You collected 150 gold pieces.

Inventory:

Hand Weapons
 f - a +0 dagger (weapon)
Armour
 m - a +0 leather armour (worn)
Jewellery
 n - a ring of magical power (left hand)
Scrolls
 a - a scroll of blinking {unknown}
 e - a scroll of enchant weapon {unknown}
 g - a scroll of torment {unknown}
 j - a scroll of vulnerability {unknown}
 l - a scroll of noise {unknown}
 o - a scroll of identify {unknown}
 p - a scroll of summoning {unknown}
 q - a scroll of teleportation {unknown}
Potions
 b - 2 potions of magic
 c - a potion of cancellation {unknown}
 d - a potion of degeneration {unknown}
 h - 2 potions of heal wounds {unknown}
 i - 2 potions of berserk rage {unknown}
 k - 3 potions of haste {unknown}


   Skills:
 + Level 0.5 Fighting
 + Level 1.1 Armour
 + Level 1.8 Dodging
 + Level 2.0 Stealth
 + Level 3.2 Spellcasting
 + Level 1.4 Conjurations
 + Level 3.4 Fire Magic


You had 3 spell levels left.
You knew the following spells:

 Your Spells              Type           Power      Damage    Failure   Level
a - Foxfire               Conj/Fire      48%        2x1d6     8%          1
b - Scorch                Fire           32%        2d7       8%          2
c - Conjure Flame         Conj/Fire      12%        6-21      22%         3

Your spell library contained the following spells:

 Spells                   Type           Power      Damage    Failure   Level
 Inner Flame              Hex/Fire       9%         N/A       30%         3
 Dazzling Flash           Conj/Hex       10%        N/A       43%         3
 Flame Wave               Conj/Fire      12%        2d6       58%         4
 Agony                    Necr           3%         N/A       99%         5
 Silence                  Hex/Air        1%         N/A       99%         5


Dungeon Overview and Level Annotations

Branches:
Dungeon (3/15)

Altars:
Sif Muna

Annotations:
D:3 Robin


Innate Abilities, Weirdness & Mutations

You have a pair of small antennae on your head.
You regenerate magic rapidly.


Message History

Nothing appears to happen.
The foxfire hits the goblin.
You kill the goblin!
A goblin comes into view. It is wielding a +0 club.
Robin says, "My goblins will feast on your bones."
You miscast Foxfire.
Nothing appears to happen.
You conjure some foxfire!
The foxfire hits the goblin.
You kill the goblin!
A hobgoblin comes into view.
A goblin comes into view. It is wielding a +0 dagger.
Robin roars a battlecry!
The goblins go into a battle-frenzy!
You conjure some foxfire!
The foxfire hits the goblin.
The goblin is heavily wounded.
The foxfire hits the goblin.
You kill the goblin!
A goblin comes into view. It is wielding a +0 club.
Robin throws the goblin at you! The goblin hits you with a +0 club.
You conjure some foxfire!
The foxfire hits the hobgoblin.
The hobgoblin is moderately wounded.
The hobgoblin hits you. The goblin barely misses you.
A goblin comes into view. It is wielding a +0 club.
Robin throws the goblin at you!
There is not enough space to conjure foxfire!
Unknown command.
Unknown command.
Casting: Foxfire (safe; 8% risk of failure)
Confirm with . or Enter, or press ? or * to list all spells.
Flames lash the hobgoblin.
You kill the hobgoblin!
The foxfire hits the goblin.
You kill the goblin!
The goblin hits you with a +0 club. x2
A goblin comes into view. It is wielding a +0 club.
The goblin attacks as you move away! The goblin hits you with a +0 club.
The goblin attacks as you move away! The goblin hits you with a +0 club.
* * * LOW HITPOINT WARNING * * *
The goblin hits you with a +0 club.
* * * LOW HITPOINT WARNING * * *
The hobgoblin attacks as you move away! The hobgoblin hits you.
You die...

#####...#...#
#......##.### ##
###.#..†....# #.
..#.#...#.###
#..#.#.#...#.# #
#..#.#..)..#.#
##.#..#.#######.########
...........)........^...
......g@############....
...g..gg############....
....gggg'..........'...†
........############....
......).# #....
........# #....
........# #....
......... #....
......... #....


You could see Robin, a hobgoblin (strong) and 6 goblins.

Vanquished Creatures
  4 adders
  4 worms (D:2)
  A dart slug (D:1)
  3 ball pythons (D:2)
  7 endoplasms
  3 giant cockroaches (D:1)
  8 goblins
  5 hobgoblins
  4 kobolds
  7 bats
  3 frilled lizards
  5 rats
54 creatures vanquished.

Vanquished Creatures (others)
  173 foxfires
173 creatures vanquished.

Grand Total: 227 creatures vanquished

Notes
Turn   | Place    | Note
-------+----------+-------------------------------------------
     0 | D:1      | xian the Demonspawn Fire Elementalist began the quest for
                  | the Orb.
     0 | D:1      | Reached XP level 1. HP: 13/13 MP: 3/3
   725 | D:1      | Gained mutation: You have a pair of small antennae on your
                  | head. [demonic ancestry]
   725 | D:1      | Reached XP level 2. HP: 17/19 MP: 0/5
  1089 | D:1      | Learned a level 2 spell: Scorch
  1746 | D:2      | Reached XP level 3. HP: 12/25 MP: 2/7
  2029 | D:2      | Learned a level 3 spell: Conjure Flame
  2593 | D:2      | Gained mutation: You regenerate magic rapidly. [demonic
                  | ancestry]
  2593 | D:2      | Reached XP level 4. HP: 25/31 MP: 8/8
  2970 | D:2      | Found a shimmering blue altar of Sif Muna.
  3369 | D:3      | Reached skill level 1 in Armour
  3461 | D:3      | Noticed Robin
  3470 | D:3      | Slain by a hobgoblin

Illustrated notes

Levels and vault maps discovered:
D:1:      dpeg_arrival_shelter, layout_loops_ring
D:2:      layout_basic, basic_altar, minmay_crystal_room, minmay_parallelograms,
          kennysheep_generic_room_4
D:3:      layout_basic, kennysheep_generic_room_10, uniq_robin

Skill      XL: |  1  2  3  4 |
---------------+-------------+-----
Fire Magic     | 3 |  3.4
Stealth        | 2 |  2.0
Spellcasting   | 3 |  3.2
Armour         | 1 |  1.1
Fighting       | |  0.5
Dodging        | |  1.8
Conjurations   | |  1.4

Action                   |  1- 3 |  4- 6 || total
-------------------------+-------+-------++-------
Melee: Dagger            |    57 |    18 ||    75
       Punch             |     1 |       ||     1
 Cast: Foxfire           |    87 |    39 ||   126
       Scorch            |       |     1 ||     1
 Stab: Sleeping          |     2 |       ||     2
Armor: Robe              |    23 |       ||    23
       Leather armour    |     3 |     6 ||     9
Dodge: Dodged            |    49 |    19 ||    68
